 Dungeon Crawl Stone Soup version 0.29-a0-563-g64e4043184 (webtiles) character file.

Game seed: 7045539132264927787

7 nobbins the Conjurer (level 1, 0/14 HPs)
             Began as a Draconian Conjurer on June 11, 2022.
             Slain by a quokka (2 damage)
             ... on level 1 of the Dungeon.
             The game lasted 00:01:21 (286 turns).

nobbins the Conjurer (Draconian Conjurer)            Turns: 286, Time: 00:01:22

Health: 0/14       AC:  4    Str:  9    XL:     1   Next: 91%
Magic:  2/3        EV: 12    Int: 18    God:
Gold:   0          SH:  0    Dex:  9    Spells: 3/4 levels left

rFire   . . .      SeeInvis .   (no weapon)
rCold   . . .      Faith    .   (no shield)
rNeg    . . .      Spirit   .   (body armour unavailable)
rPois   .          Reflect  .   (helmet restricted)
rElec   .          Harm     .   (no cloak)
rCorr   .          Rampage  .   (no gloves)
Will    .....                   (no boots)
Stlth   ++........              b - amulet of magic regeneration
HPRegen 0.04/turn               (no ring)
MPRegen 0.08/turn               (no ring)

@: no status effects
A: AC +4, unfitting armour, cold-blooded
a: no special abilities


You were on level 1 of the Dungeon.
You visited 1 branch of the dungeon, and saw 1 of its levels.

Inventory:

Jewellery
 b - an amulet of magic regeneration (around neck)
Potions
 a - a potion of magic


   Skills:
 + Level 1.8 Dodging
 + Level 1.8 Stealth
 + Level 2.1 Spellcasting
 + Level 4.3 Conjurations


You had 3 spell levels left.
You knew the following spells:

 Your Spells              Type           Power      Damage    Failure   Level
a - Magic Dart            Conj           68%        1d6       3%          1

Your spell library contained the following spells:

 Spells                   Type           Power      Damage    Failure   Level
 Searing Ray              Conj           34%        2d5       4%          2
 Dazzling Flash           Conj/Hex       18%        N/A       22%         3
 Fulminant Prism          Conj/Hex       4%         3d6       58%         4
 Iskenderun's Mystic Bla  Conj/Tloc      9%         2d4       58%         4


Dungeon Overview and Level Annotations

Branches:
Dungeon (1/15)

Altars:


Innate Abilities, Weirdness & Mutations

Your plain brown scales are hard. (AC +4)
You cannot fit into any form of body armour.
You are cold-blooded and may be slowed by cold attacks.


Message History

The quokka twitches its whiskers. x2
The magic dart hits the quokka but does no damage.
Found a blackened peridot amulet.
A gnoll comes into view. It is wielding a +0 spear.
Found 8 gold pieces.
You see here an amulet of magic regeneration.
The quokka bites you.
Keep equipping yourself?
You start putting on your amulet.
You continue putting on your amulet of magic regeneration.
The quokka bites you.
You continue putting on your amulet of magic regeneration.
The gnoll shouts!
The quokka bites you.
You continue putting on your amulet of magic regeneration.
The quokka barely misses you.
You continue putting on your amulet of magic regeneration.
The quokka bites you.
* * * LOW HITPOINT WARNING * * *
You continue putting on your amulet of magic regeneration.
The quokka barely misses you. The quokka closely misses you.
You finish putting on your amulet of magic regeneration.
The amulet cannot attune itself to your exhausted body.
b - an amulet of magic regeneration (around neck)
There are monsters nearby!
The quokka attacks as you move away! The quokka misses you.
Found 16 stones.
A quokka comes into view.
The quokka barely misses you. The quokka attacks as you move away!
The quokka bites you.
* * * LOW HITPOINT WARNING * * *
The quokka bites you but does no damage.
Found a scroll labelled COHEAWKETEBB.
The quokka attacks as you move away! The quokka closely misses you.
A kobold comes into view. It is wielding a +0 dagger.
The kobold throws a stone.
The stone hits you.
* * * LOW HITPOINT WARNING * * *
The quokka attacks as you move away! The quokka closely misses you.
The quokka twitches its whiskers.
The quokka attacks as you move away! The quokka bites you.
You die...

#.##.# #.. ....#
#.# #..#r#
######..## .. ..
#...# ##..
#..##..# .##
#...r.##### .#
#.....g...####..#
#.........#......
#.......r.K......
#########@.......
#........
#........
##?...... #...#..
#### #


You could see a gnoll, 2 quokkas and a kobold.

Vanquished Creatures
  A bat (D:1)
  2 endoplasms (D:1)
  A hobgoblin (D:1)
  A ball python (D:1)
  2 frilled lizards (D:1)
7 creatures vanquished.

Notes
Turn   | Place    | Note
-------+----------+-------------------------------------------
     0 | D:1      | nobbins the Draconian Conjurer began the quest for the Orb.
     0 | D:1      | Reached XP level 1. HP: 14/14 MP: 3/3
   286 | D:1      | Slain by a quokka

Illustrated notes

Levels and vault maps discovered:
D:1:      dpeg_arrival_fog, layout_rooms,
          dreamdust_ecumenical_altar_angels_and_demons, minmay_pentomino_u2

Action                   || total
-------------------------++-------
Melee: Unarmed           ||    13
       Tailslap          ||     2
 Cast: Magic Dart        ||    16
Armor: Skin              ||     5
Dodge: Dodged            ||    15

Table legend: (Time is in decaauts)
 A = Elapsed time spent in this place.
 B = Non-inter-level travel time spent in this place.
 C = Inter-level travel time spent in this place.
 D = Time resting spent in this place.
 E = Time spent auto-exploring this place.
 F = Levels seen in this place.
 G = Mean time per level.
                   A        B        C        D        E       F      G
               +--------+--------+--------+--------+--------+-----+--------+
         Total |    286 |    286 |      0 |      0 |    192 |   1 |  286.0 |
       Dungeon |    286 |    286 |      0 |      0 |    192 |   1 |  286.0 |
               +--------+--------+--------+--------+--------+-----+--------+

Top non-repeatable levels by time:
     D:1: 286 daAuts
